 Dungeon Crawl Stone Soup version 0.30-a0-718-geaa24f58ff (webtiles) character file.

Game seed: 13243547724167991561

76 hikkokomori the Trooper (level 4, -3/24 HPs)
             Began as a Vine Stalker Fighter on Jan 26, 2023.
             Killed by divine providence
             ... invoked by an orc priest
              (10 damage)
             ... on level 3 of the Dungeon.
             The game lasted 00:02:01 (1578 turns).

hikkokomori the Trooper (Vine Stalker Fighter)      Turns: 1578, Time: 00:02:02

Health: -3/24      AC:  7    Str: 21    XL:     4   Next: 32%
Magic:  0/5        EV:  9    Int:  8    God:
Gold:   72         SH:  4    Dex: 13    Spells: 3/3 levels left

rFire   . . .      SeeInvis .    a - +0 flail
rCold   . . .      Faith    .    c - +0 buckler
rNeg    . . .      Spirit   +    b - +0 scale mail
rPois   .          Reflect  .    (no helmet)
rElec   .          Harm     .    o - +0 cloak
rCorr   +          Rampage  .    (no gloves)
Will    .....                    (no boots) Stlth
                                 (no amulet)
HPRegen 1.04/turn                p - ring of resist corrosion
MPRegen 0.09/turn                (no ring)

@: no status effects
A: fangs 2, regeneration 1, magic shield, antimagic bite, no potion heal 2
a: no special abilities


You were on level 3 of the Dungeon.
You visited 1 branch of the dungeon, and saw 3 of its levels.

You collected 105 gold pieces.
You spent 33 gold pieces at shops.

Inventory:

Hand Weapons
 a - a +0 flail (weapon)
Armour
 b - a +0 scale mail (worn)
 c - a +0 buckler (worn)
 o - a +0 cloak (worn)
Jewellery
 p - a ring of resist corrosion (left hand)
Scrolls
 e - 2 scrolls of blinking {unknown}
 f - 2 scrolls of identify {unknown}
 g - a scroll of fog {unknown}
 h - 2 scrolls of teleportation {unknown}
 m - a scroll of poison {unknown}
Potions
 d - a potion of might
 i - a potion of flight {unknown}
 j - 2 potions of resistance {unknown}
 k - a potion of magic {unknown}
 l - 2 potions of curing
 n - a potion of cancellation {unknown}
 q - a potion of haste {unknown}


   Skills:
 + Level 3.2 Fighting
 + Level 2.5 Maces & Flails
 + Level 2.9 Armour
 + Level 3.2 Shields


You had 3 spell levels left.
You didn't know any spells.
Your spell library contained the following spells:

 Spells                   Type           Power      Damage    Failure   Level
 Foxfire                  Conj/Fire      0%         2x1d4     83%         1
 Sticky Flame             Conj/Fire      0%         2d3       100%        4
 Haunt                    Necr/Summ      0%         N/A       100%        7


Dungeon Overview and Level Annotations

Branches:
Dungeon (3/15)

Altars:

Shops:
D:1 (*=!?


Innate Abilities, Weirdness & Mutations

You have extremely sharp teeth.
Your natural rate of healing is unusually fast.
When hurt, damage is shared between your health and your magic reserves.
Your bite disrupts and absorbs the magic of your enemies.
Potions cannot restore your health.


Message History

No target in view!
No target in view!
No target in view!
Found 8 stones.
Found an escape hatch in the ceiling.
You now have 60 gold pieces (gained 11).
h - 2 scrolls labelled VOYLAWK XUPN (gained 1)
You now have 72 gold pieces (gained 12).
f - 2 scrolls labelled ONUDOX EDDE (gained 1)
Found an escape hatch in the floor.
Found a spear.
You see here a +0 spear.
An orc and an orc priest come into view.
The orc shouts!
The orc priest shouts!
An orc priest comes into view. It is wielding a +0 hand axe.
The orc priest moves out of view.
There are monsters nearby!
The orc priest shouts!
The orc hits you but does no damage.
You hit the orc but do no damage. The orc barely misses you.
You hit the orc.
The orc is heavily wounded.
You block the orc priest's attack. You block the orc's attack.
You hit the orc but do no damage. You bite the orc, but do no damage.
The orc is heavily wounded.
The orc priest calls upon Beogh to heal the orc.
The orc's wounds heal themselves!
The orc hits you but does no damage.
The orc priest hits you from afar with a +0 trident.
The orc hits you with a +0 morningstar!
You are too injured to fight recklessly!
You are too injured to fight recklessly!
The orc priest calls down the wrath of Beogh upon you.
Beogh smites you!
* * * LOW HITPOINT WARNING * * *
The orc misses you.
The orc priest looks satisfied for a moment.
The orc attacks as you move away! The orc barely misses you.
The orc priest invokes the aid of Beogh against you.
Beogh smites you!
You die...

########## #........#
+........# .#
#........##### ...#
#............# ...#
#....>...###.#########...#
#........###.##..........#
#........@.#)##..........#
#######.##.#.##..........#
#.##.o.##..^........
#.####.##........... #.#
#.ooo..........
#.######............
#...................
#.............####..
#.............# ..


You could see 2 orc priests and an orc.

Vanquished Creatures
  Robin (D:2)
  2 adders (D:2)
  6 ball pythons
  2 bats
  3 endoplasms
  12 goblins (D:2)
  9 hobgoblins
  2 kobolds (D:2)
  A quokka (D:1)
  3 frilled lizards
41 creatures vanquished.

Notes
Turn   | Place    | Note
-------+----------+-------------------------------------------
     0 | D:1      | hikkokomori the Vine Stalker Fighter began the quest for
                  | the Orb.
     0 | D:1      | Reached XP level 1. HP: 11/11 MP: 2/2
    38 | D:1      | Found Lopi's Weapon Shop.
    44 | D:1      | Got the Spellbook of Arson and the Morgue
   175 | D:1      | Found Roicw's Jewellery Shop.
   297 | D:1      | Found Giaraso's Assorted Antiques.
   325 | D:1      | Found Puibetapt's Distillery.
   334 | D:1      | Reached XP level 2. HP: 10/16 MP: 1/3
   366 | D:1      | Bought a potion of curing for 33 gold pieces
   499 | D:1      | Found Isenuxohemu's Magic Scroll Shoppe.
  1046 | D:2      | Noticed Robin
  1054 | D:2      | Reached XP level 3. HP: 17/20 MP: 4/4
  1058 | D:2      | Killed Robin
  1251 | D:2      | Gained mutation: Your natural rate of healing is unusually
                  | fast. [Vine Stalker growth]
  1251 | D:2      | Reached XP level 4. HP: 24/24 MP: 5/5
  1578 | D:3      | Killed from afar by an orc priest

Illustrated notes

Levels and vault maps discovered:
D:1:      evilmike_arrival_rings, layout_basic, serial_shops,
          nicolae_shop_bloodbath_and_beyond, shop_statue, nicolae_shop_stone,
          nicolae_shop_temple_entry_statues_fountains, nicolae_lakefront_shop
D:2:      layout_rooms, serial_glass, glass_columns_b, glass_columns_a,
          minmay_surrounded, uniq_robin
D:3:      layout_basic, shapermc_ecumenical_altar_acropolis

Skill      XL: |  1  2 |
---------------+-------+-----
Maces & Flails | 2 |  2.5
Fighting       | 3 |  3.2
Shields        | 3 |  3.2
Armour         | |  2.9

Action                     |  1- 3 |  4- 6 || total
---------------------------+-------+-------++-------
  Melee: Flail             |    92 |    17 ||   109
         Bite              |    20 |     5 ||    25
 Armour: Scale mail        |    38 |    10 ||    48
  Dodge: Dodged            |    39 |     7 ||    46
  Block: Buckler           |    21 |     4 ||    25

Table legend: (Time is in decaauts)
 A = Elapsed time spent in this place.
 B = Non-inter-level travel time spent in this place.
 C = Inter-level travel time spent in this place.
 D = Time resting spent in this place.
 E = Time spent auto-exploring this place.
 F = Levels seen in this place.
 G = Mean time per level.
                   A        B        C        D        E       F      G
               +--------+--------+--------+--------+--------+-----+--------+
         Total |   1612 |   1538 |     74 |      0 |   1247 |   3 |  537.3 |
       Dungeon |   1612 |   1538 |     74 |      0 |   1247 |   3 |  537.3 |
               +--------+--------+--------+--------+--------+-----+--------+

Top non-repeatable levels by time:
     D:1: 988 daAuts
     D:2: 547 daAuts
     D:3: 76 daAuts
